 Dungeon Crawl Stone Soup version 0.30.1-3-gfc49f6343a (webtiles) character file.

Game seed: 12849106763219195523

65165 tal the Severer (level 14, -1/127 HPs)
             Began as a Minotaur Fighter on Aug 5, 2023.
             Was the Champion of Okawaru.
             Slain by a goliath frog (18 damage)
             ... on level 1 of the Swamp.
             The game lasted 01:17:55 (20424 turns).

tal the Severer (Minotaur Fighter)                 Turns: 20424, Time: 01:17:55

Health: -1/127     AC: 26    Str: 26    XL:     14   Next: 74%
Magic:  20/20      EV:  7    Int:  8    God:    Okawaru [******]
Gold:   171        SH:  0    Dex: 10    Spells: 13/13 levels left

rFire   . . .        H - +2 broad axe (holy)
rCold   + . .        a - +0 kite shield
rNeg    . . .        G - +5 plate armour {Will+}
rPois   .            j - +1 hat {Int+3}
rElec   .            n - +1 cloak
rCorr   .            J - +1 pair of gloves
SInv    .            s - +2 pair of boots {Fly}
Will    ++...        v - amulet of regeneration Stlth
                     f - ring of protection from cold
HPRegen 1.21/turn    (no ring)
MPRegen 0.17/turn

%: no passive effects
@: confused, finesse-ful, ambrosia-drunk, corroded, flying
A: horns 2, retaliatory headbutt
a: Renounce Religion, Heroism, Finesse, Duel


You were on level 1 of the Swamp.
You worshipped Okawaru.
Okawaru was exalted by your worship.
You visited 5 branches of the dungeon, and saw 18 of its levels.

You collected 1714 gold pieces.
You spent 1543 gold pieces at shops.

Inventory:

Hand Weapons
 p - the +8 broad axe "Sacrint" {heavy, rPois Will- Str+4 Dex-4}
   (Okawaru gifted it to you on level 2 of the Orcish Mines)

   Str:       It affects your strength (+4).
   Dex:       It affects your dexterity (-4).
   rPois:     It protects you from poison.
   Will:      It decreases your willpower.
 H - a +2 broad axe of holy wrath (weapon)
Missiles
 c - 7 javelins
 E - 13 boomerangs (quivered)
 L - 9 atropa-tipped darts
Armour
 a - a +0 kite shield (worn)
 b - a +0 plate armour of poison resistance
 g - a +0 pair of gloves
 j - a +1 hat of intelligence (worn)
 n - a +1 cloak (worn)
 s - a +2 pair of boots of flying (worn)
 D - a +5 ring mail of positive energy
 G - a +5 plate armour of willpower (worn)
 J - a +1 pair of gloves (worn)
Jewellery
 f - a ring of protection from cold (left hand)
 l - an amulet of reflection
 v - an amulet of regeneration (around neck)
Wands
 w - a wand of flame (45)
 y - a wand of paralysis (36)
 z - a wand of digging (5)
 B - a wand of acid (6)
 C - a wand of polymorph (10)
 M - a wand of roots (6)
Scrolls
 m - 7 scrolls of teleportation
 t - a scroll of blinking
 F - 2 scrolls of immolation
 I - a scroll of identify
Potions
 d - 3 potions of might
 e - 8 potions of curing
 h - 4 potions of mutation
 i - 4 potions of flight
 k - 2 potions of cancellation
 o - 4 potions of lignification
 q - a potion of degeneration {unknown}
 r - a potion of resistance {unknown}
 u - a potion of ambrosia
 x - 2 potions of attraction
 A - 2 potions of brilliance


   Skills:
 - Level 12.4 Fighting
 - Level 16.6 Axes
 + Level 7.4 Throwing
 - Level 12.5 Armour
 - Level 12.4 Shields
 * Level 10.6 Invocations
 + Level 6.7 Evocations


You had 13 spell levels left.
You didn't know any spells.
Your spell library contained the following spells:

 Spells                   Type           Power      Damage    Failure   Level
 Beastly Appendage        Tmut           0%         N/A       99%         1
 Cigotuvi's Dreadful Rot  Necr/Pois/Air  0%         N/A       100%        2
 Poisonous Vapours        Pois/Air       0%         N/A       100%        2
 Sublimation of Blood     Necr           0%         N/A       100%        2
 Wereblood                Tmut           0%         N/A       100%        2
 Mephitic Cloud           Conj/Pois/Air  0%         N/A       100%        3
 Spider Form              Tmut/Pois      0%         N/A       100%        3
 Stone Arrow              Conj/Erth      0%         3d7       100%        3
 Dispel Undead            Necr           0%         3d6       100%        4
 Petrify                  Tmut/Erth      0%         N/A       100%        4
 Freezing Cloud           Conj/Ice/Air   0%         6-21      100%        5
 Irradiate                Conj/Tmut      0%         3d11      100%        5
 Conjure Ball Lightning   Conj/Air       0%         3x3d6     100%        6
 Discord                  Hex            0%         N/A       100%        8
 Disjunction              Tloc           0%         N/A       100%        8
 Lehudib's Crystal Spear  Conj/Erth      0%         10d2      100%        8
 Animate Armour           Summ/Erth      Unusable   N/A       N/A         4
 Death Channel            Necr           Unusable   N/A       N/A         6

Dungeon Overview and Level Annotations

Branches:
Dungeon (9/15)             Temple (1/1) D:6            Lair (5/5) D:8
  Swamp (1/4) Lair:2        Snake (0/4) Lair:3        Slime (0/5) Lair:4
    Orc (2/2) D:9             Elf (0/3) Orc:2

Altars:
Fedhas
Makhleb
Okawaru
Sif Muna
Yredelemnul
Jiyva

Shops:
D:3 *   D:6 (   D:9 ?   Orc:2 **:*[*

Portals:
Pandemonium: Orc:2


Innate Abilities, Weirdness & Mutations

You have a pair of horns on your head.
You reflexively headbutt those who attack you in melee.


Message History

You headbutt the eleionoma! You slash the swamp dragon!
You kill the swamp dragon!
Okawaru accepts your kill.
The swamp dragon scales are intact enough to wear.
You hit the eleionoma but do no damage. You slash the eleionoma!
The eleionoma hurls a spray of splinters at you.
The spray of wooden splinters hits you but does no damage.
The goliath frog barely misses you.
The spriggan rider hits you from afar with a +0 spear.
You are confused.
You feel invigorated.
The eleionoma hits you but does no damage.
The spriggan rider closely misses you. x2; The goliath frog closely misses you.
The eleionoma touches a tree and draws upon its vitality.
The eleionoma is healed.
The spriggan rider closely misses you. The eleionoma attacks as you move away!
The eleionoma hits you!
* * * LOW HITPOINT WARNING * * *
Found 2 potions of curing.
The goliath frog hits you but does no damage.
The spriggan rider hits you with a +0 spear.
* * * LOW HITPOINT WARNING * * *
The spriggan rider hits you but does no damage.
The spriggan rider closely misses you.
Things that are here:
+0 swamp dragon scales; a swamp dragon corpse The spriggan rider attacks as you move away!
The spriggan rider hits you with a +0 spear!
* * * LOW HITPOINT WARNING * * *
The spriggan rider hits you from afar with a +0 spear!
* * * LOW HITPOINT WARNING * * *
The spriggan rider hits you from afar with a +0 spear.
* * * LOW HITPOINT WARNING * * *
The eleionoma hits you but does no damage.
The spriggan rider hits you from afar with a +0 spear.
* * * LOW HITPOINT WARNING * * *
You hit the eleionoma but do no damage.
The eleionoma is lightly wounded.
You miss the eleionoma. The goliath frog hits you from afar!!
You die...

♣♣..[.~~.. .
.♣.♣♣♣♣♣..~~~.~..
..~~...~..♣~.....
~~.~~~~..F.♣
.~.~~~~[~~♣♣
.~.~♣~~.~~♣ .
.~.~~~...~♣♣♣ ♣..
~~.~♣~.~~.♣.♣♣♣ ....
~~^...~♣~.i.@$♣.....
.~.~~~~~~~iRR../....
♣~♣~~.~~~~iF........
~~.~...~....(/♣.
~♣~~.......♣♣♣♣
.....~♣.....♣
.♣..♣♣♣....... ~.♣.
♣.?...... !..
♣♣.......~


You could see 2 eleionomae, 3 spriggan riders and a goliath frog.

Vanquished Creatures
  Gastronok (Orc:2)
  An orc warlord (D:9)
  The ghost of Nyzic the Grappler, a journeyman TrMo (Lair:4)
  2 demonspawn (Orc:2)
  5 hydras
  6 catoblepae
  4 boulder beetles
  13 death yaks
  7 orc high priests
  2 skysharks (Lair:4)
  A soul eater (Orc:2)
  A swamp dragon (Swamp:1)
  4 orc knights (Orc:2)
  A cyclops (Orc:2)
  7 orc sorcerers
  2 manticores (Lair:5)
  5 elephants (Lair:5)
  4 black mambas
  Maurice (D:8)
  A torpor snail (Lair:3)
  A rust devil (Orc:2)
  5 rime drakes
  10 cane toads
  12 komodo dragons
  A red devil (Orc:2)
  3 trolls
  A hellwing (Orc:2)
  A polar bear (Lair:1)
  A tyrant leech (Lair:2)
  20 blink frogs
  Sigmund (D:3)
  2 wyverns
  24 yaks
  A shadow (D:9)
  3 basilisks
  5 wargs
  2 nagas (Lair:3)
  Duvessa (D:4)
  A swamp worm (Lair:2)
  11 water moccasins
  The ghost of jsudlow the Ruffian, an amateur TrBe of Trog (D:3)
  2 sky beasts
  25 orc warriors
  An ice beast (D:6)
  33 wolves
  5 ogres
  4 centaurs
  A kobold brigand (D:9)
  11 bullfrogs
  6 scorpions
  3 wights (D:8)
  4 elf skeletons (D:5)
  Dowan (D:4)
  10 killer bees
  The ghost of superradish the Sneak, a weakling DsBr (D:3)
  5 howler monkeys
  3 electric eels
  30 orc priests
  4 jellies (Lair:4)
  5 hounds
  3 gnoll boudas
  5 iguanas
  21 orc wizards
  2 human skeletons (D:5)
  7 hell rats (Lair:5)
  17 gnolls
  13 adders
  2 white imps
  An ufetubus (D:4)
  3 worms
  4 dart slugs
  59 orcs
  9 endoplasms
  3 giant cockroaches
  6 goblins
  7 hobgoblins
  5 jackals (D:4)
  20 kobolds
  4 quokkas
  6 ball pythons
  8 bats
  4 frilled lizards
  3 orc skeletons (D:5)
  2 orc zombies (D:5)
  5 rats
549 creatures vanquished.

Vanquished Creatures (others)
  A kobold brigand (D:8)
  An orc wizard (Orc:1)
  2 orcs (Orc:1)
4 creatures vanquished.

Grand Total: 553 creatures vanquished

Notes
Turn   | Place    | Note
-------+----------+-------------------------------------------
     0 | D:1      | tal the Minotaur Fighter began the quest for the Orb.
     0 | D:1      | Reached XP level 1. HP: 19/19 MP: 0/0
   212 | D:1      | Reached XP level 2. HP: 27/27 MP: 1/1
   253 | D:1      | Reached skill level 3 in Axes
   672 | D:2      | Found an iron altar of Okawaru.
   684 | D:2      | Became a worshipper of Warmaster Okawaru
   730 | D:2      | Reached XP level 3. HP: 32/33 MP: 2/2
  1350 | D:2      | Reached XP level 4. HP: 40/40 MP: 3/3
  1499 | D:3      | Noticed Sigmund
  1597 | D:3      | Killed Sigmund
  1597 | D:3      | Reached * piety under Okawaru
  1598 | D:3      | Reached skill level 4 in Axes
  1598 | D:3      | Reached XP level 5. HP: 30/47 MP: 4/4
  1647 | D:3      | Reached skill level 5 in Axes
  1683 | D:3      | Found a blossoming altar of Fedhas.
  1742 | D:3      | Reached XP level 6. HP: 49/55 MP: 5/5
  1798 | D:3      | Found a runed translucent gate.
  1802 | D:3      | Found a runed translucent gate.
  1802 | D:3      | Found a runed translucent gate.
  1805 | D:3      | Noticed jsudlow's ghost (amateur TrBe)
  1805 | D:3      | Noticed superradish's ghost (weakling DsBr)
  1918 | D:3      | Found Hymiett's General Store.
  2023 | D:3      | Found a burning altar of Makhleb.
  2113 | D:3      | Found a faded altar of an unknown god.
  2212 | D:3      | Reached skill level 5 in Fighting
  2212 | D:3      | Reached skill level 5 in Shields
  2215 | D:3      | Reached skill level 5 in Armour
  2478 | D:4      | Noticed Duvessa
  2478 | D:4      | Noticed Dowan
  2487 | D:4      | Killed Duvessa
  2496 | D:4      | Killed Dowan
  2496 | D:4      | Reached ** piety under Okawaru
  2497 | D:4      | Reached skill level 6 in Axes
  2656 | D:4      | Reached XP level 7. HP: 60/61 MP: 6/6
  3056 | D:4      | Found Keokoatti's Book Emporium.
  3111 | D:4      | Reached skill level 7 in Axes
  3379 | D:5      | Entered Level 5 of the Dungeon
  3583 | D:5      | Reached XP level 8. HP: 61/70 MP: 7/7
  3780 | D:5      | Found the +7 staff of the Meek {protect, meekguard}
  3791 | D:5      | Reached *** piety under Okawaru
  4295 | D:5      | Reached skill level 8 in Axes
  4553 | D:3      | Killed superradish's ghost
  4555 | D:3      | Killed jsudlow's ghost
  4716 | D:6      | Found Miohewko's Weapon Boutique.
  4777 | D:6      | Found a staircase to the Ecumenical Temple.
  4794 | Temple   | Entered the Ecumenical Temple
  4841 | D:6      | Reached skill level 9 in Axes
  4997 | D:6      | Reached **** piety under Okawaru
  4998 | D:6      | Reached XP level 9. HP: 77/79 MP: 8/8
  5926 | D:7      | Reached skill level 10 in Axes
  6551 | D:8      | Noticed a boulder beetle
  6571 | D:8      | Killed a boulder beetle
  6571 | D:8      | Reached ***** piety under Okawaru
  6730 | D:8      | Reached skill level 11 in Axes
  6822 | D:8      | Noticed a troll
  6830 | D:8      | Killed a troll
  6834 | D:8      | Reached XP level 10. HP: 72/90 MP: 9/9
  7084 | D:8      | Noticed Maurice
  7303 | D:8      | Killed Maurice
  7405 | D:8      | Found a staircase to the Lair.
  7407 | D:8      | Identified the +0 leather armour of Zickeron {Drain rElec
                  | Dex+2}
  7755 | D:8      | Identified the +10 spear "Dragon's Curse" {antimagic, Drain
                  | rF+ rC+++ Stlth+}
  7880 | D:9      | Found a staircase to the Orcish Mines.
  8125 | D:9      | Reached skill level 12 in Axes
  8347 | D:9      | Found a basalt altar of Yredelemnul.
  8681 | D:9      | Found Vasm's Magic Scroll Shoppe.
  8749 | D:9      | Found a shimmering blue altar of Sif Muna.
  9110 | Orc:1    | Entered Level 1 of the Orcish Mines
  9113 | Orc:1    | Noticed an orc sorcerer
  9120 | Orc:1    | Noticed an orc sorcerer
  9126 | D:9      | Identified the +0 cloak of the Narrow God {*Corrode rPois
                  | Str-5 SInv} (Okawaru gifted it to you on level 9 of the
                  | Dungeon)
  9126 | D:9      | Received a gift from Okawaru
  9269 | D:9      | Killed an orc sorcerer
  9438 | Orc:1    | Noticed an orc warlord
  9442 | Orc:1    | Paralysed by an orc sorcerer for 4 turns
  9503 | Orc:1    | Killed an orc sorcerer
  9504 | Orc:1    | Reached skill level 13 in Axes
  9504 | Orc:1    | Reached XP level 11. HP: 90/99 MP: 7/10
  9521 | D:9      | Killed an orc warlord
  9522 | D:9      | Reached skill level 10 in Fighting
  9522 | D:9      | Reached skill level 10 in Armour
  9522 | D:9      | Reached skill level 10 in Shields
  9862 | Orc:1    | Noticed an orc high priest
  9904 | Orc:1    | Killed an orc high priest
 10124 | Orc:2    | Entered Level 2 of the Orcish Mines
 10137 | Orc:1    | Noticed Gastronok
 10157 | Orc:2    | Killed Gastronok
 11029 | Orc:1    | Reached skill level 14 in Axes
 11315 | Orc:2    | Found Jewat's General Store.
 11661 | Orc:2    | Found Duzxiw's General Store.
 11669 | Orc:2    | Identified the +8 broad axe "Sacrint" {heavy, rPois Will-
                  | Str+4 Dex-4} (Okawaru gifted it to you on level 2 of the
                  | Orcish Mines)
 11669 | Orc:2    | Received a gift from Okawaru
 11682 | Orc:2    | Bought a scroll of enchant armour for 90 gold pieces
 11682 | Orc:2    | Bought a scroll of enchant armour for 90 gold pieces
 11682 | Orc:2    | Bought a +2 pair of boots of flying for 258 gold pieces
 12027 | Orc:2    | Found a staircase to the Elven Halls.
 12047 | Orc:2    | Found Zaesk's Gadget Gallery.
 12079 | Orc:2    | Noticed an orc knight
 12089 | Orc:2    | Killed an orc knight
 12395 | Orc:2    | Found Guif's General Store.
 12420 | Orc:2    | Reached XP level 12. HP: 70/110 MP: 11/11
 12573 | Orc:2    | Noticed an orc high priest
 12609 | Orc:2    | Reached skill level 15 in Axes
 12612 | Orc:2    | Killed an orc high priest
 13002 | Orc:2    | Noticed an orc high priest
 13002 | Orc:2    | Noticed an orc high priest
 13013 | Orc:2    | Received a gift from Okawaru
 13057 | Orc:2    | Killed an orc high priest
 13214 | Orc:2    | Killed an orc high priest
 13235 | Orc:2    | Noticed an orc high priest
 13243 | Orc:2    | Killed an orc high priest
 13518 | Orc:2    | Noticed a demonspawn
 13518 | Orc:2    | Noticed an orc high priest
 13522 | Orc:2    | Noticed an orc high priest
 13523 | Orc:2    | Noticed a demonspawn
 13525 | Orc:2    | Killed a demonspawn
 13528 | Orc:2    | Killed an orc high priest
 13529 | Orc:2    | Reached skill level 16 in Axes
 13531 | Orc:2    | Killed an orc high priest
 13649 | Orc:2    | Killed a demonspawn
 13650 | Orc:2    | Found Guadoban's Antique Armour Emporium.
 13650 | Orc:2    | Found Focuami's Book Shoppe.
 13650 | Orc:2    | Found a one-way gate leading to the halls of Pandemonium.
 13657 | Orc:2    | Bought a shiny plate armour for 858 gold pieces
 14027 | Lair:1   | Entered Level 1 of the Lair of Beasts
 14075 | Lair:1   | Reached ****** piety under Okawaru
 14077 | Lair:1   | Received a gift from Okawaru
 14231 | Lair:1   | Reached XP level 13. HP: 100/119 MP: 12/12
 14297 | Lair:1   | Received a gift from Okawaru
 14298 | Lair:1   | Reached skill level 1 in Invocations
 14393 | Lair:1   | Reached skill level 1 in Throwing
 14408 | Lair:1   | Reached skill level 1 in Evocations
 14431 | Lair:1   | Identified the scarf of the Engineer {shadows, Contam rF-
                  | Will+ Int+6}
 15749 | Lair:2   | Found a staircase to the Swamp.
 15997 | Lair:3   | Found a staircase to the Snake Pit.
 16170 | Lair:3   | Reached skill level 5 in Invocations
 17028 | Lair:4   | Received a gift from Okawaru
 17191 | Lair:4   | Found a runed translucent door.
 17191 | Lair:4   | Noticed Nyzic's ghost (journeyman TrMo)
 17218 | Lair:4   | Reached skill level 5 in Throwing
 17395 | Lair:4   | Killed Nyzic's ghost
 17450 | Lair:4   | Found a viscous altar of Jiyva.
 17531 | Lair:4   | Found a staircase to the Slime Pits.
 17889 | Lair:5   | Entered Level 5 of the Lair of Beasts
 18020 | Lair:5   | Reached XP level 14. HP: 127/127 MP: 18/18
 18080 | Lair:5   | Reached skill level 5 in Evocations
 18124 | Lair:5   | Received a gift from Okawaru
 18357 | Lair:5   | Identified the +1 hand axe of Vichy {holy, *Noise rN+ Str+3
                  | Dex+3} (Okawaru gifted it to you on level 5 of the Lair of
                  | Beasts)
 18357 | Lair:5   | Received a gift from Okawaru
 19127 | Lair:4   | Received a gift from Okawaru
 19376 | Lair:5   | Received a gift from Okawaru
 19381 | Lair:5   | Reached skill level 10 in Invocations
 19817 | Lair:5   | Received a gift from Okawaru
 19939 | Lair:5   | Received a gift from Okawaru
 20213 | Orc:2    | Bought a pair of runed gloves for 247 gold pieces
 20393 | Swamp:1  | Entered Level 1 of the Swamp
 20424 | Swamp:1  | Slain by a goliath frog

Illustrated notes

Levels and vault maps discovered:
D:1:      lightli_iron_boxes, layout_basic, serial_bayou_pond_c
D:2:      layout_basic, basic_altar
D:3:      layout_basic, minitemple, hellmonk_ecumenical_altar_inner_sanctum,
          serial_shops, shop, gammafunk_ghost_cemetery,
          nicolae_kite_square_tiling_tiny, uniq_sigmund
D:4:      layout_basic, serial_shops, shop, minmay_increasing_density,
          uniq_duvessa
D:5:      layout_loops_corners, nicolae_ossuary_entry_catacombs
D:6:      layout_basic, minmay_temple_entry_slanted, serial_shops,
          nicolae_diamond_shop
D:7:      layout_gridville
D:8:      layout_rooms, erik_lair_island, minivault_26,
          chequers_serial_rivers_micro_e, uniq_maurice
D:9:      nicolae_cairo_tiling, layout_loops_ring,
          mainiacjoe_overflow_catch_the_wave, serial_shops,
          nicolae_shop_rolled_up
Temple:   mainiacjoe_temple_bowtie_tessellation
Lair:1:   layout_regular_city
Lair:2:   layout_concentric_octagons, palyth_hydra_swamp_entry
Lair:3:   layout_gridlike, guppyfry_snake_entry_island
Lair:4:   layout_regular_city, nicolae_slime_entry_field_trip,
          hellmonk_ghost_happy_afterlife, grunt_forest_small_clearings
Lair:5:   evilmike_catoblepas_cave, layout_gridlike, nzn_sisyphean_effort
Swamp:1:  layout_falls_marsh, hangedman_swamp_pad, nicolae_swamp_trees_clearing
Orc:1:    layout_caves, mines5_lemuel, uniq_gastronok
Orc:2:    pf_orc_diabolical, layout_caves, serial_shops,
          nicolae_shop_tiny_waterfront, nicolae_shop_gadgets

Skill      XL: |  1  2  3  4  5  6  7  8  9 10 11 12 13 14 |
---------------+-------------------------------------------+-----
Axes           | 3 4 5 6 7 9 11 13 14 16 | 16.6
Shields        | 4 5 6 7 8 9 11 12 | 12.4
Fighting       | 4 5 6 7 8 9 11 12 | 12.4
Armour         | 4 5 6 7 8 9 11 12 | 12.5
Invocations    | 7 10 | 10.6
Throwing       | 5 7 |  7.4
Evocations     | 4 6 |  6.7

Action                     |  1- 3 |  4- 6 |  7- 9 | 10-12 | 13-15 || total
---------------------------+-------+-------+-------+-------+-------++-------
  Melee: War axe           |    70 |    70 |   391 |   446 |       ||   977
         Headbutt          |     4 |     9 |    68 |    87 |   149 ||   317
         Broad axe         |       |       |       |   164 |   575 ||   739
  Throw: Dart              |       |       |     1 |     6 |       ||     7
         Boomerang         |       |       |       |    48 |    59 ||   107
 Invoke: Heroism           |       |       |       |     4 |     1 ||     5
         Finesse           |       |       |       |       |     1 ||     1
  Evoke: Wand              |       |       |     1 |     8 |       ||     9
    Use: Scroll            |       |     5 |     5 |    18 |     9 ||    37
         Potion            |       |       |       |    10 |     4 ||    14
   Stab: Paralysed         |       |       |       |    10 |       ||    10
         Distracted        |       |       |       |     1 |       ||     1
 Armour: Scale mail        |    31 |       |       |       |       ||    31
         Plate armour      |    10 |    35 |   169 |   132 |   459 ||   805
         Ring mail         |       |       |       |    70 |       ||    70
  Dodge: Dodged            |    25 |    21 |    74 |   185 |   163 ||   468
  Block: Buckler           |     8 |    20 |   185 |   286 |    65 ||   564
         Reflection        |       |     1 |    10 |    26 |     1 ||    38
         Kite shield       |       |       |       |       |   209 ||   209
